 Dungeon Crawl Stone Soup version 0.22-a0-456-g11ed031617 (webtiles) character file.

593 Kriby the Skirmisher (level 7, -2/55 HPs)
             Began as a Human Abyssal Knight on June 7, 2018.
             Was a Believer of Lugonu.
             Slain by an ogre
             ... wielding a +0 giant club
              (10 damage)
             ... on level 3 of the Dungeon.
             The game lasted 00:08:41 (5294 turns).

Kriby the Skirmisher (Human Abyssal Knight)         Turns: 5294, Time: 00:08:42

Health: -2/55      AC: 12    Str: 14    XL:     7   Next: 67%
Magic:  9/9        EV:  6    Int: 12    God:    Lugonu [**....]
Gold:   127        SH:  4    Dex: 13    Spells: 6/6 levels left

rFire    . . .     SeeInvis .   h - +0 war axe
rCold    . . .     Gourm    .   d - +0 buckler
rNeg     . . .     Faith    .   k - +0 plate armour
rPois    .         Spirit   .   (no helmet)
rElec    .         Reflect  .   (no cloak)
rCorr    .         Harm     .   p - +0 pair of gloves
MR       .....                  (no boots)
Stlth    ..........             (no amulet)
HPRegen  0.18/turn              v - +2 ring of evasion
MPRegen  0.11/turn              (no ring)

@: no status effects
A: no striking features
a: Depart the Abyss, Bend Space, Renounce Religion


You were on level 3 of the Dungeon.
You worshipped Lugonu.
Lugonu was pleased with you.
You were hungry.

You visited 1 branch of the dungeon, and saw 4 of its levels.
You visited the Abyss 1 time.

You collected 127 gold pieces.

Inventory:

Hand Weapons
 h - a +0 war axe (weapon)
Missiles
 r - a silver javelin (quivered)
Armour
 b - a +0 leather armour
 d - a +0 buckler (worn)
 k - a +0 plate armour (worn)
 m - a +0 ring mail
 p - a +0 pair of gloves (worn)
Jewellery
 i - a +3 ring of dexterity {unknown}
 v - a +2 ring of evasion (left hand)
Wands
 o - a wand of polymorph (11)
Scrolls
 e - 2 scrolls of identify {@r1}
 f - 2 scrolls of noise {unknown}
 g - a scroll of remove curse {@r2}
 j - 5 scrolls of teleportation {unknown}
 n - a scroll of enchant armour {unknown}
 q - a scroll of amnesia {unknown}
Potions
 l - a potion of lignification
Comestibles
 a - 3 chunks of flesh
 c - 6 rations {@e1}


   Skills:
 + Level 4.4 Fighting
 + Level 3.5 Axes
 + Level 3.7 Armour
 + Level 3.1 Dodging
 + Level 2.6 Shields
 + Level 3.9 Invocations


You had 6 spell levels left.
You didn't know any spells.
Your spell library was empty.

Dungeon Overview and Level Annotations

Branches:
Dungeon (4/15)             Temple (0/1) D:4

Altars:
Dithmenos
Qazlal
Xom

Annotations:
D:3 2 transporters


Message History

The ogre is lightly wounded.
The ogre hits you with a giant club!
You barely miss the ogre.
The ogre is lightly wounded.
The ogre hits you with a giant club!!
* * * LOW HITPOINT WARNING * * *
There is a stone staircase leading up here.
The ogre barely misses you.
You climb upwards.
Level annotation: 2 transporters
There is a stone staircase leading down, spattered with blood here.
Okay, then.
Some of the chunks of flesh in your inventory have rotted away.
Okay, then.
The shadow imp shouts!
The shadow imp shouts!
The ogre hits you with a giant club!
* * * LOW HITPOINT WARNING * * *
The ogre hits you with a giant club!
You die...

######.... ######
#...##.... #....#
#...##.... #.##.#
#...##....
#.##.#####...##.#>.
#.##.........##.#..
#.########...##....
#O########...######
#.@.#..............
###.#......########
#.#......# #
#.#......# ####
#.######## #.##
#.......######.##
#######..........
#........##
#####........##


You could see an ogre.

Vanquished Creatures
  The ghost of HANFGEIST the Changer, a novice OpTm (D:4)
  A hound (D:3)
  2 iguanas
  2 worker ants (D:4)
  3 adders (D:2)
  11 gnolls
  2 oozes
  An adder skeleton (D:4)
  2 worms (D:3)
  A dart slug (D:1)
  3 leopard geckos
  3 orcs (D:3)
  9 bats
  2 giant cockroaches (D:2)
  9 hobgoblins
  2 quokkas (D:2)
  2 ball pythons (D:1)
  2 frilled lizards
  7 goblins
  A jackal skeleton (D:4)
  3 kobolds
  10 rats
79 creatures vanquished.

Notes
Turn   | Place    | Note
-------+----------+-------------------------------------------
     0 | Abyss:1  | Kriby the Human Abyssal Knight began the quest for the Orb.
     0 | Abyss:1  | Reached XP level 1. HP: 18/18 MP: 2/2
    10 | Abyss:1  | Found a corrupted altar of Lugonu.
    94 | Abyss:1  | Noticed a small abomination
    99 | Abyss:1  | Noticed a small abomination
   129 | Abyss:1  | Noticed a small abomination
   129 | Abyss:1  | Noticed an ancient zyme
   130 | Abyss:1  | Noticed a starcursed mass
   131 | D:1      | Escaped the Abyss
   255 | D:1      | Reached * piety under Lugonu
   300 | D:1      | Reached XP level 2. HP: 19/24 MP: 3/3
   666 | D:1      | Found a shimmering altar of Xom.
   745 | D:1      | Reached XP level 3. HP: 26/29 MP: 4/4
  1468 | D:2      | Reached XP level 4. HP: 34/35 MP: 5/5
  2005 | D:2      | Reached skill level 1 in Shields
  2124 | D:2      | Reached XP level 5. HP: 40/41 MP: 7/7
  2240 | D:3      | Found a transporter.
  2354 | D:2      | Reached ** piety under Lugonu
  2670 | D:3      | Found a transporter.
  3351 | D:3      | Reached XP level 6. HP: 48/48 MP: 8/8
  3547 | D:3      | Noticed an air elemental
  3549 | D:3      | Found a stormy altar of Qazlal.
  3551 | D:3      | Noticed a fire elemental
  3551 | D:3      | Noticed a water elemental
  3992 | D:4      | Reached skill level 4 in Fighting
  4030 | D:4      | Noticed HANFGEIST's ghost (novice OpTm)
  4282 | D:4      | Found a staircase to the Ecumenical Temple.
  4756 | D:4      | Killed HANFGEIST's ghost
  4756 | D:4      | Reached XP level 7. HP: 38/54 MP: 9/9
  5114 | D:4      | Found a shadowy altar of Dithmenos.
  5294 | D:3      | Slain by an ogre

Vault maps used:
D:1:      minmay_arrival_three_doors, minmay_misc_feat_five,
          kennysheep_flooded_box
D:2:      first_ration, grunt_decor_cap
D:3:      gammafunk_wand_slinger, nicolae_qazlal_style_of_elements
D:4:      bloody_trog, nicolae_dithmenos_through_a_glass_darkly,
          temple_fountains

Skill      XL: |  1  2  3  4  5  6 |
---------------+-------------------+-----
Dodging        | 2 3 |  3.1
Shields        | 1 2 |  2.6
Invocations    | 3 |  3.9
Armour         | 3 |  3.7
Fighting       | 4 |  4.4
Axes           | 3 |  3.5

Action                   |  1- 3 |  4- 6 |  7- 9 || total
-------------------------+-------+-------+-------++-------
Melee: Hand axe          |    98 |   219 |       ||   317
       War axe           |       |    94 |    49 ||   143
Throw: Javelin           |       |     8 |     2 ||    10
Invok: Depart the Abyss  |     1 |       |       ||     1
  Use: Scroll            |     2 |     2 |       ||     4
       Potion            |     1 |     2 |       ||     3
  Eat: Chunk             |     2 |    11 |     1 ||    14
Armor: Leather armour    |    34 |       |       ||    34
       Plate armour      |    10 |   221 |    24 ||   255
       Skin              |       |     9 |       ||     9
Dodge: Dodged            |    68 |    69 |    17 ||   154
Block: Buckler           |     6 |    51 |    13 ||    70

Table legend:
 A = Spawn XP
 B = Non-spawn XP
 C = Spawn XP percentage of total XP
 D = Spawn monster count
 E = Non-spawn monster count
 F = Spawn count percentage of total count
 G = Total turns spent on level
                    A         B        C        D         E        F      G
               +---------+---------+-------+---------+---------+-------+---------
         Total |       0 |     848 |   0.0 |       0 |      79 |   0.0 |  5294
               +---------+---------+-------+---------+---------+-------+---------
           D:1 |       0 |      46 |   0.0 |       0 |      22 |   0.0 |  1162
           D:2 |       0 |     167 |   0.0 |       0 |      28 |   0.0 |  1978
           D:3 |       0 |     158 |   0.0 |       0 |      20 |   0.0 |  1488
           D:4 |       0 |     477 |   0.0 |       0 |       9 |   0.0 |   535
               +---------+---------+-------+---------+---------+-------+---------
